 Dungeon Crawl Stone Soup version 0.21-a0 (webtiles) character file.

8338 Manul the Fighter (level 11, 0/121 HPs)
             Began as a Purple Draconian Monk on May 19, 2017.
             Slain by a blink frog (13 damage)
             ... on level 1 of the Lair of Beasts.
             The game lasted 00:18:48 (12427 turns).

Manul the Fighter (Purple Draconian Monk)          Turns: 12427, Time: 00:18:50

Health: 0/121      AC: 10    Str: 15    XL:     11   Next: 8%
Magic:  22/22      EV: 20    Int: 12    God:
Gold:   498        SH:  0    Dex: 16    Spells: 4/13 levels left

rFire    . . .     SeeInvis .   f - +3 war axe (freeze)
rCold    . . .     Gourm    .   (no shield)
rNeg     . . .     Faith    .   (armour unavailable)
rPois    +         Spirit   .   (helmet restricted)
rElec    .         Reflect  .   p - +2 cloak {rPois}
rCorr    .         Harm     .   (no gloves)
MR       +....                  (no boots)
Stlth    +++.......             (no amulet)
Regen    0.3/turn               j - ring of magical power
MPRegen  0.2/turn               y - +2 ring of intelligence

@: no status effects
A: breathe power, unfitting armour, poison resistance, robust 2, cold-blooded,
AC +7
a: Breathe Dispelling Energy


You were on level 1 of the Lair of Beasts.
You were hungry.

You visited 3 branches of the dungeon, and saw 12 of its levels.

You collected 498 gold pieces.

Inventory:

Hand Weapons
 a - a +0 spear
 e - a +1 vampiric trident
 f - a +3 war axe of freezing (weapon)
 k - a +0 hand axe of electrocution
 o - a +0 halberd of flaming
Armour
 p - a +2 cloak of poison resistance (worn)
Jewellery
 j - a ring of magical power (left hand)
 y - a +2 ring of intelligence (right hand)
 z - an uncursed ring of ice
Wands
 h - a wand of acid (6/15)
 B - a wand of flame (25/48)
 C - a wand of polymorph (5/24)
 D - a wand of disintegration (16/24)
 F - a wand of lightning (5/15)
Scrolls
 c - 3 scrolls of remove curse
 g - 2 scrolls of amnesia
 l - 2 scrolls of random uselessness
 m - 5 scrolls of identify
 r - a scroll of noise
 v - 2 scrolls of immolation
 H - a scroll of enchant weapon
Potions
 i - a potion of agility
 n - 2 potions of cancellation
 w - a potion of mutation
 x - a potion of resistance
 A - 3 potions of brilliance
 I - a potion of berserk rage {unknown}
Books
 t - a book of Maledictions

   Spells                             Type                      Level
   a - Corona                         Hexes                        1
   b - Ensorcelled Hibernation        Hexes/Ice                    2
   c - Confuse                        Hexes                        3
   d - Tukima's Dance                 Hexes                        3
   e - Dazzling Spray                 Conjuration/Hexes            3
 E - a book of Geomancy

   Spells                             Type                      Level
   a - Sandblast                      Earth                        1
   b - Passwall                       Transmutation/Earth          2
   c - Stone Arrow                    Conjuration/Earth            3
   d - Petrify                        Transmutation/Earth          4
   e - Lee's Rapid Deconstruction     Earth                        5
Comestibles
 b - 4 bread rations
 d - a royal jelly
 u - 2 meat rations


   Skills:
 + Level 10.7 Fighting
 - Level 5.8(6.4) Axes
 - Level 4.0(5.5) Polearms
 + Level 10.4 Dodging
 - Level 6.5 Stealth
 * Level 1.9 Spellcasting
 + Level 0.9 Evocations


You had 4 spell levels left.
You knew the following spells:

 Your Spells              Type           Power        Failure   Level  Hunger
a - Corona                Hex            #......      28%         1    ##.....
b - Ensorcelled Hibernat  Hex/Ice        #.....       38%         2    ###....
c - Confuse               Hex            #.......     63%         3    ####...
d - Tukima's Dance        Hex            #.......     63%         3    ####...


Dungeon Overview and Level Annotations

Branches:
Dungeon (10/15)            Temple (1/1) D:6            Lair (1/6) D:9
    Orc: D:9-12

Altars:
Ashenzari
Cheibriados
Dithmenos
Fedhas
Hepliaklqana
Kikubaaqudgha
Makhleb
Nemelex Xobeh
Okawaru
Qazlal
Ru
Sif Muna
Trog
Uskayaw
Vehumet
Yredelemnul
Zin
The Shining One

Annotations:
D:7 newuser's ghost, novice MfGl
D:8 1 runed door
D:10 Erica


Innate Abilities, Weirdness & Mutations

You can breathe bolts of dispelling energy.
Your rich purple scales are hard. (AC +7)
You cannot fit into any form of body armour.
You are cold-blooded and may be slowed by cold attacks.
Your system is resistant to poisons. (rPois)
You are very robust. (+20% HP)


Message History

* * * LOW HITPOINT WARNING * * *
You slash the hippogriff! You freeze the hippogriff.
You kill the hippogriff!
You hit the blink frog. You freeze the blink frog.
Your tail-slap misses the blink frog.
The blink frog is severely wounded.
The blink frog blinks!
The blink frog misses you.
You slash the blink frog! You freeze the blink frog.
You kill the blink frog!
The blink frog hits you!
* * * LOW HITPOINT WARNING * * *
The blink frog blinks!
Unknown command.
You miss the blink frog.
You tail-slap the blink frog, but do no damage.
The blink frog is heavily wounded.
You feel sick.
You are no longer poisoned.
The blink frog barely misses you. The blink frog hits you!
You die...

#.. ... #..##
... ...# ....
##..# .....
#P..####.....
#....#......
##..F.F.....
#...F###...
### #..##@#
#.###
####.#####
##..## #.#.##
#....# ##...#
.....####..###
......##..#.#
.........####
........##
........#


You could see 2 blink frogs.

Vanquished Creatures
  A spiny frog (Lair:1)
  2 blink frogs (Lair:1)
  3 hippogriffs
  A shadow (D:8)
  4 wraiths (D:8)
  13 fire bats (D:8)
  A steam dragon (D:8)
  The ghost of Chiseanne the Chiller, an amateur CeIE (D:3)
  2 orc warriors
  3 ice beasts
  A sky beast (D:7)
  2 black bears
  5 ogres
  An eye of draining (D:6)
  A necrophage (D:9)
  4 centaurs
  A big kobold (D:10)
  3 bullfrogs
  3 scorpions
  6 killer bees (D:7)
  9 wights
  A vampire bat (D:9)
  A howler monkey (D:5)
  A jelly (D:7)
  A crimson imp (D:8)
  8 hounds
  7 orc priests
  14 orc wizards
  A bullfrog skeleton (D:5)
  2 centaur skeletons
  2 iguanas
  4 worker ants
  A hound zombie (D:5)
  14 gnolls
  11 adders
  3 oozes
  2 adder skeletons
  3 worms
  3 dart slugs
  5 leopard geckos
  50 orcs
  4 giant cockroaches
  13 hobgoblins
  5 jackals
  9 kobolds
  4 quokkas
  A ball python (D:2)
  67 bats
  4 frilled lizards (D:1)
  6 goblins
  A jackal skeleton (D:4)
  2 leopard gecko skeletons
  A quokka skeleton (D:6)
  16 rats
334 creatures vanquished.

Notes
Turn   | Place    | Note
-------+----------+-------------------------------------------
     0 | D:1      | Manul the Draconian Monk began the quest for the Orb.
     0 | D:1      | Reached XP level 1. HP: 19/19 MP: 1/1
    63 | D:1      | Reached XP level 2. HP: 18/26 MP: 2/2
   660 | D:1      | Reached XP level 3. HP: 28/33 MP: 3/3
  1458 | D:2      | Reached XP level 4. HP: 18/40 MP: 4/4
  2556 | D:3      | Reached XP level 5. HP: 18/46 MP: 5/5
  2740 | D:3      | Noticed Chiseanne's ghost (amateur CeIE)
  2968 | D:3      | Noticed an ogre
  3547 | D:3      | Reached XP level 6. HP: 53/53 MP: 6/6
  3579 | D:3      | Killed Chiseanne's ghost
  3579 | D:3      | Reached skill level 1 in Axes
  4029 | D:3      | Your scales start taking on a rich purple colour.
  4029 | D:3      | Reached XP level 7. HP: 33/60 MP: 7/7
  4390 | D:2      | Reached skill level 5 in Dodging
  4709 | D:4      | Found a sacrificial altar of Ru.
  4808 | D:4      | Reached skill level 5 in Fighting
  5448 | D:4      | Learned a level 1 spell: Corona
  5451 | D:4      | Learned a level 2 spell: Ensorcelled Hibernation
  5455 | D:4      | Learned a level 3 spell: Confuse
  5459 | D:4      | Found an iron altar of Okawaru.
  5562 | D:4      | Reached XP level 8. HP: 61/69 MP: 8/8
  5929 | D:5      | Entered Level 5 of the Dungeon
  5934 | D:5      | Reached skill level 5 in Stealth
  6209 | D:5      | Reached skill level 5 in Axes
  6763 | D:5      | Noticed a moth of wrath
  6766 | D:5      | Found a bloodstained altar of Trog.
  7098 | D:6      | Reached XP level 9. HP: 75/78 MP: 9/9
  7413 | D:6      | Found a staircase to the Ecumenical Temple.
  7540 | Temple   | Entered the Ecumenical Temple
  7795 | D:7      | HP: 3/78 [killer bee (6)]
  8206 | D:7      | Gained mutation: You are robust. (+10% HP) [potion of mutation]
  8206 | D:7      | Gained mutation: You are very robust. (+20% HP) [potion of mutation]
  8206 | D:7      | Gained mutation: Your system is resistant to poisons. (rPois) [potion of mutation]
  9050 | D:7      | Noticed newuser's ghost (novice MfGl)
  9786 | D:8      | Found a runed door.
  9926 | D:8      | Found a snail-covered altar of Cheibriados.
 10029 | D:8      | Found a sparkling altar of Nemelex Xobeh.
 10037 | D:8      | Reached XP level 10. HP: 79/108 MP: 10/10
 10116 | D:8      | Found a blossoming altar of Fedhas.
 10253 | D:8      | Found a hide-covered altar of Uskayaw.
 10337 | D:8      | Found a burning altar of Makhleb.
 10563 | D:8      | Found a radiant altar of Vehumet.
 10564 | D:8      | Reached skill level 10 in Fighting
 11309 | D:9      | Reached skill level 10 in Dodging
 11314 | D:9      | Learned a level 3 spell: Tukima's Dance
 11351 | D:9      | Found a staircase to the Lair.
 11717 | D:9      | Reached skill level 1 in Spellcasting
 11790 | D:10     | Entered Level 10 of the Dungeon
 11955 | D:10     | Noticed Erica
 11977 | D:10     | HP: 4/111 [something/orb of energy (27)]
 11984 | D:10     | HP: 2/112 [something/orb of energy (29)]
 11991 | D:10     | HP: 3/112 [Erica/bolt of poison (1)]
 12367 | Lair:1   | Entered Level 1 of the Lair of Beasts
 12384 | Lair:1   | Noticed a spiny frog
 12394 | Lair:1   | Killed a spiny frog
 12394 | Lair:1   | Reached XP level 11. HP: 103/121 MP: 13/13
 12427 | Lair:1   | Slain by a blink frog

Vault maps used:
D:1:      dpeg_arrival_houses_and_road
D:2:      minmay_rat_gold_closets
D:3:      first_bread
D:4:      nicolae_ru_great_annihilating_truth, okawaru_metal_pillars_1_2
D:5:      tgw_trog
D:6:      temple_doors_cd, minmay_misc_feat_pillars,
          corexii_item_surrounded_by_moat
D:7:      st_stairs_6, the_bakery, eino_jars, uniq_duvessa
D:8:      due_megacathedral
D:9:      lair_entry_dummy, roderic_batcave
D:10:     orc_0_dummy, nrook_pool_corridor, hangedman_decor_peaks_small,
          uniq_erica
Temple:   grunt_wide_crystal_templ
Lair:1:   grunt_megastairs_3

Skill      XL: |  1  2  3  4  5  6  7  8  9 10 |
---------------+-------------------------------+-----
Dodging        | 3 4 5 6 8 10 | 10.4
Stealth        | 2 3 4 5 6 |  6.5
Polearms       | 4 |  4.0
Fighting       | 4 5 6 8 10 | 10.7
Axes           | 1 3 5 |  5.8
Spellcasting   | 1 |  1.9
Evocations     | |  0.9

Action                   |  1- 3 |  4- 6 |  7- 9 | 10-12 || total
-------------------------+-------+-------+-------+-------++-------
Melee: Spear             |   123 |   115 |       |       ||   238
       Tailslap          |    11 |    21 |    75 |    37 ||   144
       Hand axe          |       |    61 |   230 |       ||   291
       Trident           |       |       |   130 |       ||   130
       War axe           |       |       |   155 |   271 ||   426
 Abil: Breathe Dispellin |       |       |     5 |     1 ||     6
Evoke: Wand              |       |       |     1 |       ||     1
       Box of beasts     |       |       |       |     2 ||     2
  Use: Potion            |       |     6 |     7 |     2 ||    15
       Scroll            |       |     1 |     8 |     2 ||    11
 Stab: Sleeping          |     9 |    12 |    13 |     6 ||    40
       Paralysed         |       |       |     1 |       ||     1
       Distracted        |       |       |     2 |     1 ||     3
  Eat: Chunk             |     2 |     8 |    17 |     7 ||    34
       Bread ration      |       |       |     2 |       ||     2
Armor: Skin              |    21 |    73 |   157 |   120 ||   371
Dodge: Dodged            |    61 |   124 |   500 |   376 ||  1061
